 Dungeon Crawl Stone Soup version 0.29.0-5-ge4962eb29e (webtiles) character file.

Game seed: 3805960075602714587

102 Godmorgon the Chopper (level 4, -1/39 HPs)
             Began as a Palentonga Fighter on Aug 28, 2022.
             Killed by divine providence
             ... invoked by an orc priest
              (14 damage)
             ... on level 3 of the Dungeon.
             The game lasted 00:03:07 (759 turns).

Godmorgon the Chopper (Palentonga Fighter)           Turns: 759, Time: 00:03:08

Health: -1/39      AC:  6    Str: 23    XL:     4   Next: 49%
Magic:  4/4        EV:  7    Int:  9    God:
Gold:   46         SH:  4    Dex:  9    Spells: 3/3 levels left

rFire   . . .      SeeInvis +   a - +0 war axe
rCold   . . .      Faith    .   c - +0 buckler
rNeg    . . .      Spirit   .   b - +0 scale mail
rPois   .          Reflect  .   (no helmet)
rElec   .          Harm     .   (no cloak)
rCorr   .          Rampage  .   (no gloves)
Will    .....                   (no barding)
Stlth   ..........              (no amulet)
HPRegen 0.13/turn               (no ring)
MPRegen 0.09/turn               (no ring)

@: no status effects
A: large, rugged brown scales 3, see invisible, deformed body, roll 1, armoured
tail
a: Rolling Charge


You were on level 3 of the Dungeon.
You visited 1 branch of the dungeon, and saw 4 of its levels.

You collected 46 gold pieces.

Inventory:

Hand Weapons
 a - a +0 war axe (weapon)
Armour
 b - a +0 scale mail (worn)
 c - a +0 buckler (worn)
Scrolls
 h - a scroll of brand weapon {unknown}
Potions
 e - a potion of haste {unknown}
 f - a potion of mutation {unknown}
 g - a potion of heal wounds {unknown}


   Skills:
 + Level 3.9 Fighting
 * Level 4.1 Axes
 - Level 2.4 Armour
 - Level 2.6 Shields


You had 3 spell levels left.
You didn't know any spells.
Your spell library was empty.

Dungeon Overview and Level Annotations

Branches:
Dungeon (4/15)
 Temple: D:4-7

Altars:

Shops:
D:3 (


Innate Abilities, Weirdness & Mutations

You are completely covered in rugged brown scales. (AC +3, +7% HP)
You have supernaturally acute eyesight. (SInv)
Armour fits poorly on your strangely shaped body.
You can roll at nearby foes to attack.
You have a long armoured tail.


Message History

The jackal is severely wounded.
You hit the orc but do no damage. You hit the orc.
The jackal closely misses you. The orc hits you but does no damage. x2
The jackal bites you.
You miss the jackal.
The jackal is severely wounded.
You closely miss the orc. You hit the orc.
The jackal bites you but does no damage.
The orc barely misses you. The orc closely misses you. The jackal bites you.
You barely miss the orc.
The orc is moderately wounded.
You slash the jackal!
You kill the jackal!
You hit the orc.
You kill the orc!
The orc priest calls upon Beogh to heal the orc.
The orc's wounds heal themselves!
You block the orc's attack. The orc hits you but does no damage.
The orc priest hits you but does no damage.
You hit the orc priest but do no damage.
You barely miss the orc. You barely miss the orc priest.
You block the orc priest's attack. The orc hits you with a +0 short sword.
The orc priest hits you with a +0 club. The orc priest barely misses you.
The orc hits you but does no damage.
The orc priest casts a cantrip, but nothing happens.
You climb upwards.
There is a stone staircase leading down here.
You hit the orc priest.
The orc priest is lightly wounded.
You slash the orc!
You kill the orc!
The orc priest calls down the wrath of Beogh upon you.
Pain shoots through your body!
You closely miss the orc priest.
The orc priest is lightly wounded.
You closely miss the orc priest.
The orc priest hits you with a +0 hand axe.
The orc priest mumbles some strange prayers to Beogh against you.
Beogh smites you!
You die...

. ##....#..##...∩.....#
#..#..#..†...#.#..###
######.#.........#...#.#
.......>...##...........#
........##.###....###.#.#
####.#####.# #..### .....
# #.# #...# ### . #o#
##..# #@# #..# #o# ####
#.# #.. #..# ...# #...
#.#. #.###


You could see 2 orc priests.

Vanquished Creatures
  A scorpion (D:4)
  A worm (D:3)
  2 dart slugs (D:1)
  3 orcs
  A bat (D:1)
  An endoplasm (D:1)
  2 giant cockroaches (D:1)
  2 goblins
  A hobgoblin (D:1)
  3 jackals
  A quokka (D:3)
  5 ball pythons
  A frilled lizard (D:2)
  4 kobolds
  A rat (D:1)
29 creatures vanquished.

Notes
Turn   | Place    | Note
-------+----------+-------------------------------------------
     0 | D:1      | Godmorgon the Palentonga Fighter began the quest for the
                  | Orb.
     0 | D:1      | Reached XP level 1. HP: 19/19 MP: 1/1
   227 | D:1      | Reached XP level 2. HP: 25/25 MP: 2/2
   440 | D:1      | You fall into a shaft and drop 1 floor!
   535 | D:3      | Reached skill level 3 in Axes
   569 | D:3      | Reached XP level 3. HP: 31/31 MP: 3/3
   588 | D:3      | Found Pebexent's Weapon Emporium.
   623 | D:4      | Noticed a scorpion
   630 | D:4      | Killed a scorpion
   631 | D:4      | Reached skill level 4 in Axes
   631 | D:4      | Reached XP level 4. HP: 31/39 MP: 4/4
   759 | D:3      | Killed from afar by an orc priest

Illustrated notes

Levels and vault maps discovered:
D:1:      zelgadis_glass_arrival_small, layout_loops_ring,
          nicolae_ecumenical_lake_church,
          nicolae_concentric_dashed_squares_mild, hex_large
D:2:      layout_basic, basic_altar, hangedman_abyss_or_decor_lesser_grid,
          uniq_jessica, uniq_robin
D:3:      layout_rooms, serial_shops, nicolae_shop_advertising_works
          [nicolae_subvault_shop_adworks], hangedman_decor_diamond_cutter
D:4:      layout_rooms

Skill      XL: |  1  2  3 |
---------------+----------+-----
Axes           | 3 4 |  4.1
Fighting       | |  3.9
Armour         | |  2.4
Shields        | |  2.6

Action                   |  1- 3 |  4- 6 || total
-------------------------+-------+-------++-------
Melee: War axe           |    55 |    13 ||    68
       Tailslap          |     5 |     1 ||     6
 Abil: Rolling Charge    |    15 |     1 ||    16
  Use: Potion            |     1 |       ||     1
Armor: Scale mail        |    26 |    19 ||    45
Dodge: Dodged            |    21 |    13 ||    34
Block: Buckler           |     5 |     9 ||    14
